 Dungeon Crawl Stone Soup version 0.17-a0-1564-g7b572aa (webtiles) character file.

5578 xXxSWAGxYoLOxXx the Bludgeoner (level 10, -13/92 HPs)
             Began as an Ogre Hunter on July 21, 2015.
             Was a High Priest of Makhleb.
             Shot with a sling bullet by Joseph (16 damage)
             ... on level 9 of the Dungeon.
             The game lasted 00:36:25 (12442 turns).

xXxSWAGxYoLOxXx the Bludgeoner (Ogre Hunter)       Turns: 12442, Time: 00:36:25

Health: -13/92     AC:  6    Str: 19    XL:     10   Next: 72%
Magic:  10/10      EV: 10    Int: 10    God:    Makhleb [*****.]
Gold:   389        SH:  0    Dex: 13    Spells: 0 memorised, 9 levels left

rFire  . . .     SeeInvis .     N - +0 giant club
rCold  . . .     Clarity  .     d - +0 robe
rNeg   . . .     SustAt   .     (no shield)
rPois  .         Gourm    +     (helmet restricted)
rElec  .         Spirit   .     w - +2 cloak
rCorr  .         Warding  .     (gloves unavailable)
rMut   .         Stasis   .     (boots unavailable)
MR     +....                    C - amulet of the gourmand
Stlth  +++.......               x - ring of stealth
                                U - ring of stealth

@: somewhat resistant to hostile enchantments, fairly stealthy
A: unfitting armour, tough skin 1
a: Minor Destruction, Lesser Servant of Makhleb, Major Destruction, Greater
Servant of Makhleb, Renounce Religion


You were on level 9 of the Dungeon.
You worshipped Makhleb.
Makhleb was extremely pleased with you.
You were very full.

You visited 1 branch of the dungeon, and saw 9 of its levels.

You collected 389 gold pieces.

Inventory:

Hand weapons
 t - a +0 blowgun
 M - a +2 dagger of draining
 N - a +0 giant club (weapon)
 V - a +3 dire flail
 Y - a cursed -3 giant spiked club
Missiles
 a - 3 large rocks (quivered)
 b - 2 throwing nets
 i - 7 curare-tipped needles
 k - 273 stones
 p - 60 poisoned needles
 u - 73 sling bullets
Armour
 d - a +0 robe (worn)
 w - a +2 cloak (worn)
Jewellery
 h - an uncursed ring of teleportation
 q - an uncursed ring of magical power
 x - a ring of stealth (right hand)
 C - an amulet of the gourmand (around neck)
 U - a ring of stealth (left hand)
 W - an uncursed ring of invisibility {unknown}
Magical devices
 l - a wand of polymorph (16)
 H - a wand of fireball (12)
 L - a wand of heal wounds (0)
 R - a wand of lightning (9)
 S - a wand of random effects (33)
 T - a wand of random effects (24)
Scrolls
 m - a scroll of teleportation
 n - 3 scrolls of enchant weapon
 r - a scroll of amnesia
 s - 6 scrolls of remove curse
 D - 2 scrolls of noise
Potions
 e - 2 potions of degeneration
 f - 2 potions of magic
 g - 2 potions of haste
 j - 2 potions of brilliance {unknown}
 E - 3 potions of agility
 G - 3 potions of invisibility
 J - a potion of heal wounds {unknown}
 Z - a potion of cancellation {unknown}
Books
 F - Vehumet's Incunabulum of Confrontation
   (You found it on level 7 of the Dungeon)

   Spells                             Type                      Level
   a - Magic Dart                     Conjuration                  1
 I - a Grand Grimoire

   Spells                             Type                      Level
   a - Monstrous Menagerie            Summoning                    6
   b - Summon Greater Demon           Summoning                    7
   c - Malign Gateway                 Summoning/Translocation      7
   d - Summon Horrible Things         Summoning                    8
 O - Kikubaaqudgha's Handbook of Dark Magic
   (You found it on level 7 of the Dungeon)

   Spells                             Type                      Level
   a - Pain                           Necromancy                   1
 Q - Sif Muna's Handbook of Aid
   (You found it on level 7 of the Dungeon)

   Spells                             Type                      Level
   a - Infusion                       Charms                       1
Comestibles
 c - 3 meat rations
 o - a slice of pizza
 v - 4 beef jerkies
 z - 2 royal jellies
 A - 9 bread rations
 B - 13 fruits
 P - 3 chunks of flesh


   Skills:
 - Level 3.8 Fighting
 + Level 18.3 Maces & Flails
 - Level 4.3 Throwing
 - Level 1.7 Dodging
 - Level 0.7 Stealth


You had 9 spell levels left.
You didn't know any spells.

Dungeon Overview and Level Annotations

Branches:
Dungeon (9/15)             Temple (0/1) D:7
   Lair: D:8-11         Orc: D:9-12

Altars:
Ashenzari
Fedhas
Gozag
Kikubaaqudgha
Makhleb
Sif Muna
Trog
Vehumet
Yredelemnul
The Shining One

Shops:
D:7 [(

Annotations:
D:2 1 exclusion
D:9 Joseph


Innate Abilities, Weirdness & Mutations

You are too large for most types of armour.
You have tough skin (AC +1).


Message History

* * * LOW HITPOINT WARNING * * *
Joseph shoots a sling bullet.
The sling bullet hits you.
* * * LOW HITPOINT WARNING * * *
The sling bullet freezes you.
* * * LOW HITPOINT WARNING * * *
You see here a sling bullet.
There is a stone staircase leading down here.
Unknown command.
Joseph shoots a sling bullet.
The sling bullet hits you.
* * * LOW HITPOINT WARNING * * *
The sling bullet freezes you.
* * * LOW HITPOINT WARNING * * *
You see here a sling bullet.
Joseph shoots a sling bullet.
The sling bullet hits you!!
* * * LOW HITPOINT WARNING * * *
The sling bullet freezes you!
* * * LOW HITPOINT WARNING * * *
You see here a sling bullet.
Joseph shoots a sling bullet.
The sling bullet hits you!
You die...

#. #..# #@##### ###.##
#.(.@.# #...#
#####(#### ##'#######
##........# #.))...[.#
........>..# #........+
.##........###........#
#........(.#........#
#........#(@........#
#........###........#
########## ##########


You could see Joseph.

Vanquished Creatures
  The ghost of George the Carver, an experienced DsGl (D:8)
  The ghost of Vikmgn the Quickloader, an experienced KoHu (D:4)
  A deep elf mage (D:9)
  A spriggan (D:8)
  Duvessa (D:4)
  2 black bears
  3 orc warriors
  2 sky beasts
  6 ogres
  2 ice beasts
  2 phantoms
  A big kobold (D:9)
  5 centaurs
  5 giant frogs
  Blork the orc (D:6)
  Dowan (D:4)
  5 scorpions
  6 wights
  A giant frog zombie (D:8)
  5 hounds
  3 centaur skeletons
  6 crimson imps
  5 orc priests
  A jelly (D:8)
  Crazy Yiuf (D:2)
  Jessica (D:2)
  Natasha (thrice) (D:2 D:3)
  6 orc wizards
  2 iguanas
  4 worker ants
  A killer bee zombie (D:5)
  2 hound skeletons
  15 adders
  2 shadow imps
  2 oozes
  An adder skeleton (D:5)
  4 worms
  11 giant geckos
  23 orcs
  18 bats
  4 giant cockroaches
  11 goblins
  17 hobgoblins
  10 jackals
  2 quokkas
  2 ball pythons
  6 giant newts
  A jackal skeleton (D:7)
  20 kobolds
  A quokka skeleton (D:6)
  16 rats
253 creatures vanquished.

Vanquished Creatures (others)
  2 fungi (D:6)
2 creatures vanquished.

Grand Total: 255 creatures vanquished

Notes
Turn   | Place    | Note
--------------------------------------------------------------
     0 | D:1      | xXxSWAGxYoLOxXx the Ogre Hunter began the quest for the Orb.
     0 | D:1      | Reached XP level 1. HP: 22/22 MP: 1/1
   176 | D:1      | Reached XP level 2. HP: 22/31 MP: 2/2
   255 | D:1      | Reached skill level 1 in Maces & Flails
   873 | D:1      | Reached XP level 3. HP: 34/39 MP: 3/3
  1927 | D:2      | Noticed Jessica
  2151 | D:2      | Noticed Natasha
  2187 | D:2      | Reached XP level 4. HP: 38/48 MP: 4/4
  2194 | D:2      | Found a burning altar of Makhleb.
  2256 | D:2      | Became a worshipper of Makhleb the Destroyer
  2512 | D:2      | Killed Jessica
  2512 | D:2      | Reached skill level 5 in Maces & Flails
  2538 | D:2      | Reached XP level 5. HP: 43/54 MP: 5/5
  2751 | D:2      | Killed Natasha
  2958 | D:2      | Reached skill level 6 in Maces & Flails
  3576 | D:2      | Noticed Crazy Yiuf
  3580 | D:2      | Killed Crazy Yiuf
  3625 | D:3      | Noticed Natasha
  3641 | D:3      | Killed Natasha
  3641 | D:3      | Reached XP level 6. HP: 34/62 MP: 6/6
  3699 | D:3      | Acquired Makhleb's first power
  3725 | D:3      | Reached skill level 7 in Maces & Flails
  4342 | D:3      | Found a glowing golden altar of the Shining One.
  4777 | D:3      | Noticed Natasha
  4779 | D:3      | Killed Natasha
  4894 | D:3      | Reached skill level 8 in Maces & Flails
  5162 | D:3      | Found a shattered altar of Ashenzari.
  5162 | D:3      | Found a blossoming altar of Fedhas.
  5189 | D:4      | Noticed Vikmgn's ghost (experienced KoHu)
  5207 | D:4      | Killed Vikmgn's ghost
  5207 | D:4      | Reached skill level 9 in Maces & Flails
  5207 | D:4      | Reached XP level 7. HP: 53/68 MP: 7/7
  5525 | D:4      | Acquired Makhleb's second power
  5678 | D:4      | Noticed Dowan
  5682 | D:4      | Noticed Duvessa
  5704 | D:4      | Killed Duvessa
  5704 | D:4      | Reached skill level 10 in Maces & Flails
  5726 | D:4      | Killed Dowan
  6172 | D:5      | Entered Level 5 of the Dungeon
  6189 | D:4      | Reached skill level 11 in Maces & Flails
  6189 | D:4      | Reached XP level 8. HP: 69/78 MP: 8/8
  6813 | D:5      | Reached skill level 12 in Maces & Flails
  7368 | D:5      | Found a bloodstained altar of Trog.
  7375 | D:5      | Found a basalt altar of Yredelemnul.
  7378 | D:5      | Found an opulent altar of Gozag.
  7538 | D:6      | Reached skill level 13 in Maces & Flails
  7641 | D:6      | Acquired Makhleb's third power
  7645 | D:6      | Reached XP level 9. HP: 84/84 MP: 9/9
  7959 | D:6      | Reached skill level 14 in Maces & Flails
  8473 | D:6      | Noticed Blork the orc
  8482 | D:6      | Killed Blork the orc
  8852 | D:6      | Reached skill level 15 in Maces & Flails
  9006 | D:7      | Found an ancient bone altar of Kikubaaqudgha.
  9008 | D:7      | Found a deep blue altar of Sif Muna.
  9008 | D:7      | Found a radiant altar of Vehumet.
  9013 | D:7      | Identified Vehumet's Incunabulum of Confrontation
  9022 | D:7      | Identified Kikubaaqudgha's Handbook of Dark Magic
  9029 | D:7      | Identified Sif Muna's Handbook of Aid
  9044 | D:7      | Acquired Makhleb's fourth power
  9195 | D:7      | Found a staircase to the Ecumenical Temple.
  9212 | D:7      | Found Uggi's Armour Shop.
  9331 | D:7      | Reached skill level 16 in Maces & Flails
  9533 | D:7      | Reached XP level 10. HP: 92/92 MP: 10/10
  9664 | D:7      | Found Othrum's Weapon Emporium.
 10100 | D:8      | Noticed George's ghost (experienced DsGl)
 10267 | D:7      | Acquired Makhleb's fifth power
 10343 | D:8      | Killed George's ghost
 10343 | D:8      | Reached skill level 17 in Maces & Flails
 11637 | D:8      | Reached skill level 18 in Maces & Flails
 12018 | D:8      | Upgraded the game from 0.17-a0-1562-g9b2c768 to 0.17-a0-1564-g7b572aa
 12430 | D:9      | Noticed Joseph
 12441 | D:9      | HP: 3/92 [Joseph/sling bullet (9)]
 12442 | D:9      | Shot with a sling bullet by Joseph

Vault maps used:
D:1:      dpeg_arrival_concentric_ovals, minmay_box_of_dots
D:2:      makhleb_grotto_becter, first_bread, uniq_natasha, uniq_jessica,
          uniq_crazy_yiuf_cottage
D:3:      minitemple
D:4:      uniq_duvessa
D:5:      minmay_overflow_temple_star_quad
D:6:      old_forge, serial_glass, glass_columns_b, glass_columns_c,
          minmay_strange_pillars, due_unseen_surprise, uniq_blork_the_orc
D:7:      grunt_temple_overflow_magic_moments, temple_statues, serial_shops,
          nicolae_shop_trees, shop
D:8:      the_bakery
D:9:      uniq_joseph

Action                   |  1- 3 |  4- 6 |  7- 9 | 10-12 || total
-------------------------+-------+-------+-------+-------++-------
Melee: Short sword       |    18 |       |       |       ||    18
       Club              |   148 |       |       |       ||   148
       Hammer            |       |   200 |       |       ||   200
       Flail             |       |   112 |    79 |       ||   191
       Giant club        |       |       |   254 |   165 ||   419
 Fire: Blowgun           |       |       |     6 |     6 ||    12
Throw: Large rock        |     7 |    18 |     5 |     2 ||    32
       Throwing net      |       |     4 |       |       ||     4
       Stone             |       |     2 |    43 |   136 ||   181
Evoke: Wand              |       |       |     1 |       ||     1
  Use: Scroll            |     2 |     4 |     8 |     6 ||    20
       Potion            |       |       |     4 |       ||     4
 Stab: Sleeping          |     2 |     2 |    12 |       ||    16
       Distracted        |       |     1 |     1 |     1 ||     3
  Eat: Bread ration      |     1 |       |       |       ||     1
       Chunk             |       |    10 |    26 |     8 ||    44
